 Dungeon Crawl Stone Soup version 0.31-a0-835-g2a3a5bc3be (webtiles) character file.

Game seed: 13696665985807790148

67015 Bnni the Marksant (level 15, -13/102 HPs)
             Began as a Formicid Hexslinger on Sept 25, 2023.
             Was an Elder of Hepliaklqana.
             Shot with an arrow by a centaur warrior (19 damage)
             ... on level 13 of the Dungeon on Sept 26, 2023.
             The game lasted 00:54:34 (17931 turns).

Bnni the Marksant (Formicid Hexslinger)            Turns: 17931, Time: 00:54:34

Health: -13/102    AC:  9    Str: 14    XL:     15   Next: 64%
Magic:  6/27       EV: 17    Int: 19    God:    Hepliaklqana [****..]
Gold:   1243       SH:  0    Dex: 22    Spells: 4/31 levels left

rFire   . . .        P - +9 longbow (freeze)
rCold   . . .        (no shield)
rNeg    . . .        u - +0 troll leather armour
rPois   .            (helmet unavailable)
rElec   .            s - +1 cloak {rCorr}
rCorr   +            d - +0 pair of gloves
SInv    +            e - +1 pair of boots
Will    +....        T - amulet of regeneration
Stlth   +            c - +5 ring of evasion
HPRegen 1.97/turn    N - ring "Guicvo Rinoq" {Int+6 Slay+6 SInv Stlth-}
MPRegen 0.20/turn

%: no passive effects
@: marked, studying Invocations
A: reduced essence, permanent stasis, dig shafts and tunnels, antennae 3, four
strong arms
a: Dig, Shaft Self, Renounce Religion, Recall Ancestor, Ancestor Identity,
Transference, Idealise


You were on level 13 of the Dungeon.
You worshipped Hepliaklqana.
Hepliaklqana was greatly pleased with you.
You visited 4 branches of the dungeon, and saw 21 of its levels.
You also visited: Trove, Sewer and Ice Cave.

You collected 2907 gold pieces.
You spent 1664 gold pieces at shops.

Inventory:

Hand Weapons
 l - a +3 longbow of freezing
 P - a +9 longbow of freezing (weapon)
 Q - the +8 whip "Snakebite" {venom, curare, rPois}
   (You found it in a treasure trove)

   rPois:     It protects you from poison
Missiles
 g - 9 curare-tipped darts
Armour
 a - the +1 ring mail "Niumm" {-Tele Fly rElec Regen+}
   (You found it on level 9 of the Dungeon)

   rElec:     It insulates you from electricity.
   Fly:       It grants you flight.
   -Tele:     It prevents most forms of teleportation.
   Regen+:    It increases your rate of health regeneration.
 d - a +0 pair of gloves (worn)
 e - a +1 pair of boots (worn)
 s - a +1 cloak of preservation (worn)
 t - a +2 robe of cold resistance
 u - a +0 troll leather armour (worn)
 R - a +2 robe of positive energy
Jewellery
 c - a +5 ring of evasion (left hand)
 o - a ring of protection from cold
 H - a ring of ice
 N - the ring "Guicvo Rinoq" (right hand) {Int+6 Slay+6 SInv Stlth-}
   (You found it in a treasure trove)

   [ring of intelligence]

   Int+6:     It affects your intelligence (+6).
   Slay+6:    It affects your accuracy & damage with ranged weapons and melee
   (+6).
   SInv:      It lets you see invisible.
   Stlth-:    It makes you less stealthy.
 O - a ring of protection from fire
 T - an amulet of regeneration (around neck)
Wands
 r - a wand of polymorph (6)
 v - a wand of mindburst (32)
 w - a wand of flame (11)
 F - a wand of iceblast (1)
 G - a wand of charming (7)
 K - a wand of light (8)
 V - a wand of digging (3)
Scrolls
 b - 2 scrolls of poison
 f - a scroll of revelation
 h - 3 scrolls of vulnerability
 j - 4 scrolls of immolation
 m - 2 scrolls of enchant armour
 n - 5 scrolls of fog
 y - 2 scrolls of enchant weapon
 I - 4 scrolls of fear
 W - a scroll of amnesia
Potions
 i - a potion of might
 k - a potion of lignification {unknown}
 p - 9 potions of curing
 q - 5 potions of resistance
 x - a potion of enlightenment
 z - 4 potions of cancellation
 A - 6 potions of mutation
 B - 4 potions of magic
 C - 2 potions of brilliance
 J - 3 potions of invisibility
 L - 5 potions of haste {unknown}
 M - 4 potions of heal wounds
 S - a potion of attraction
Miscellaneous
 D - a phial of floods
 E - a lightning rod (4/4)


   Skills:
 + Level 9.4 Fighting
 * Level 16.4 Ranged Weapons
 - Level 5.0 Armour
 - Level 1.7 Dodging
 + Level 8.5 Spellcasting
 + Level 13.2 Hexes
 * Level 7.3 Necromancy
 - Level 3.0 Translocations
 - Level 3.0 Fire Magic
 - Level 8.3 Earth Magic
 + Level 9.5 Invocations


You had 4 spell levels left.
You knew the following spells:

 Your Spells              Type           Power      Damage    Failure   Level
a - Jinxbite              Hex            100%       N/A       1%          2
b - Inner Flame           Hex/Fire       38%        N/A       1%          3
c - Dimensional Bullseye  Hex/Tloc       19%        N/A       3%          4
d - Cause Fear            Hex            27%        N/A       1%          4
g - Summon Guardian Gole  Hex/Summ       33%        N/A       2%          3
h - Borgnjor's Vile Clut  Necr/Erth      18%        N/A       12%         5
s - Sigil of Binding      Hex            55%        N/A       1%          3
t - Tukima's Dance        Hex            55%        N/A       1%          3

Your spell library contained the following spells:

 Spells                   Type           Power      Damage    Failure   Level
 Ensorcelled Hibernation  Hex/Ice        66%        N/A       1%          2
 Anguish                  Hex/Necr       23%        N/A       1%          4
 Lesser Beckoning         Tloc           38%        N/A       4%          2
 Animate Dead             Necr           36%        N/A       5%          4
 Cigotuvi's Dreadful Rot  Necr/Pois/Air  34%        N/A       6%          2
 Fulminant Prism          Conj/Hex       16%        3d10      7%          4
 Momentum Strike          Conj/Tloc      26%        3d8       9%          2
 Gell's Gravitas          Tloc           19%        N/A       10%         3
 Teleport Other           Tloc           19%        N/A       10%         3
 Magic Dart               Conj           32%        1d4       11%         1
 Summon Small Mammal      Summ           32%        N/A       11%         1
 Searing Ray              Conj           16%        2d5       16%         2
 Brom's Barrelling Bould  Conj/Erth      24%        2d5       19%         4
 Call Canine Familiar     Summ           8%         N/A       32%         3
 Hailstorm                Conj/Ice       8%         3d4       32%         3
 Ozocubu's Armour         Ice            8%         N/A       32%         3
 Flame Wave               Conj/Fire      13%        2d6       50%         4
 Iskenderun's Mystic Bla  Conj/Tloc      13%        2d5       50%         4
 Sticky Flame             Conj/Fire      13%        2d4       50%         4
 Summon Ice Beast         Ice/Summ       8%         N/A       71%         4
 Agony                    Necr           36%        N/A       14%         5
 Death Channel            Necr           18%        N/A       63%         6
 Fireball                 Conj/Fire      6%         3d5       85%         5
 Iskenderun's Battlesphe  Conj           8%         2d6       96%         5
 Simulacrum               Ice/Necr       11%        N/A       98%         6
 Dispersal                Tloc           9%         N/A       99%         6
 Conjure Ball Lightning   Conj/Air       4%         3x3d6     100%        6
 Orb of Destruction       Conj           4%         9d5       100%        7
 Ozocubu's Refrigeration  Ice            4%         4d8       100%        7
 Blink                    Tloc           Unusable   N/A       N/A         2

Dungeon Overview and Level Annotations

Branches:
Dungeon (13/15)            Temple (1/1) D:6            Lair (5/5) D:8
 Shoals (0/4) Lair:3       Spider (0/4) Lair:2        Slime (0/5) Lair:5
    Orc (2/2) D:11            Elf (0/3) Orc:2         Sewer (visited)
  IceCv (visited)
 Vaults: D:13-14

Altars:
Ashenzari
Cheibriados
Dithmenos
Elyvilon
Fedhas
Gozag
Hepliaklqana
Kikubaaqudgha
Makhleb
Nemelex Xobeh
Okawaru
Qazlal
Ru
Sif Muna
Trog
Uskayaw
Vehumet
Wu Jian
Xom
Yredelemnul
Zin
The Shining One
Jiyva

Shops:
D:5 (   D:12 *!   D:13 [   Orc:1 :   Orc:2 [!*[


Innate Abilities, Weirdness & Mutations

Your life essence is reduced to manifest your ancestor. (-10% HP)
You cannot be hasted, slowed, berserked, paralysed or teleported.
You can dig through walls and to a lower floor.
You have a pair of large antennae on your head. (SInv)
Your four strong arms can wield two-handed weapons with a shield.


Message History

The arrow closely misses your +0 shortbow.
The arrow hits Tankster McGee but does no damage.
Your +0 shortbow shoots an arrow.
The arrow closely misses the centaur warrior.
A centaur warrior comes into view.
There is an escape hatch in the ceiling here.
Okay, then.
Fire: P) +9 longbow (freeze)
Press: ? - help, Shift-Dir - straight line, f - centaur, p - centaur warrior
Aim: a centaur, wielding a +0 orcbow (84% to hit)
You shoot an arrow. The arrow hits the centaur!!
The arrow freezes the centaur!
You kill the centaur!
The centaur warrior shoots an arrow.
The arrow hits you.
The centaur warrior wields a +0 shortbow.
The centaur warrior shoots an arrow.
The arrow hits your +0 shortbow!!
Your +0 shortbow falls from the air.
A centaur comes into view.
What are your orders? t - Shout!
Orders for allies: a - Attack new target. r - Retreat! s - Stop attacking. g - Guard the area. f - Follow me.
Anything else - Cancel.
Retreat in which direction?
Press: ? - help, Dir - move target, f - centaur warrior
Aim: a centaur warrior, wielding a +0 shortbow Fall back!
The centaur shoots an arrow.
The arrow hits you!
The centaur warrior shoots an arrow.
The arrow hits you.
A centaur comes into view.
The centaur warrior shoots an arrow.
The arrow hits you!!
The centaur shoots an arrow.
The arrow misses you.
The centaur warrior shoots an arrow.
The arrow hits you!!
* * * LOW HITPOINT WARNING * * *
The centaur shoots an arrow.
The arrow hits you!
* * * LOW HITPOINT WARNING * * *
The centaur warrior shoots an arrow.
The arrow hits you.
* * * LOW HITPOINT WARNING * * *
The centaur shoots an arrow.
The arrow closely misses you.
The centaur warrior shoots an arrow.
The arrow hits you!!
You die...

##.. #.# ,.c.# #.# #{>#
#.# #cc# #.## { ##..#
#... { #
##...#########... ,
#.##...............#
.c.##R#.......#######.##
≈≈cc.).@......# #.#
≈≈.c.....[....# #.#
#≈.##.##......### #.## #
... ##...#().# #... ≈.##
##.####)### #### ≈≈
#.##.))))# . #>##..)..#
########.##...))#
..........#...))# #


You could see the friendly Tankster McGee the knight, 2 centaur warriors and 4
centaurs.

Vanquished Creatures
  A reaper (IceCv)
  Harold (Lair:1)
  A centaur warrior (D:13)
  2 two-headed ogres
  2 catoblepae (Lair:5)
  8 death yaks
  2 orc high priests (Orc:2)
  Nergalle (Lair:3)
  A skyshark (Lair:4)
  3 orc knights
  4 manticores
  3 orc sorcerers (Orc:2)
  2 cyclopes
  17 elephants
  2 black mambas
  2 ice statues (IceCv)
  A torpor snail (Lair:2)
  An unseen horror (D:13)
  8 cane toads
  15 komodo dragons
  An efreet (D:12)
  2 anaconda simulacra (IceCv)
  A kobold demonologist (D:10)
  2 rime drakes
  6 ice devils (IceCv)
  A meliai (Lair:2)
  A wind drake (Lair:3)
  5 trolls
  2 polar bears
  7 dream sheep
  Grinder (Sewer)
  4 blink frogs
  6 slime creatures
  A shadow (D:12)
  A wraith (D:13)
  35 yaks
  4 fire bats (Lair:3)
  2 water elementals (D:13)
  2 vampires
  3 basilisks
  Grum (Lair:1)
  4 wyverns
  2 death yak simulacra (IceCv)
  A warg (Orc:2)
  A hydra simulacrum (IceCv)
  20 orc warriors
  12 water moccasins
  A swamp drake (D:8)
  A sky beast (D:6)
  3 black bears
  3 ogres
  3 centaurs
  23 wolves
  17 kobold brigands
  A necrophage (Sewer)
  14 bullfrogs
  3 gnoll sergeants
  3 scorpions
  3 wights (D:8)
  2 elephant simulacra (IceCv)
  17 killer bees
  2 electric eels
  Crazy Yiuf (D:2)
  3 hounds
  15 orc priests
  4 jellies
  5 iguanas
  18 orc wizards
  2 spriggan simulacra (IceCv)
  A troll simulacrum (IceCv)
  A wolf simulacrum (IceCv)
  9 adders
  11 gnolls
  3 naga simulacra (IceCv)
  2 river rats (D:4)
  4 shadow imps
  4 white imps
  7 ufetubi
  An adder zombie (Sewer)
  3 worms
  2 dart slugs
  54 orcs
  11 ball pythons
  5 bats
  9 endoplasms
  8 giant cockroaches
  6 goblins
  9 hobgoblins
  2 jackals (D:2)
  34 kobolds
  4 quokkas
  3 frilled lizards
  3 kobold zombies (Sewer)
  9 rats
554 creatures vanquished.

Vanquished Creatures (collateral kills)
  A catoblepas (Lair:5)
  2 two-headed ogres
  A death yak (Lair:5)
  3 orc knights
  An ugly thing (D:11)
  An elephant (Lair:3)
  A black mamba (Lair:3)
  Psyche (D:12)
  A freezing wraith (IceCv)
  An ice devil (IceCv)
  A troll (D:13)
  2 polar bears
  2 dream sheep
  2 blink frogs
  2 slime creatures
  6 yaks
  A water elemental (D:13)
  A shadow (D:11)
  A vampire (D:13)
  A wyvern (Lair:3)
  A basilisk (D:8)
  A water moccasin (D:7)
  4 orc warriors
  2 ogres
  4 wolves
  A bullfrog (D:8)
  3 kobold brigands (D:10)
  A wight (D:8)
  3 killer bees
  A howler monkey (D:11)
  3 orc priests
  A spriggan simulacrum (IceCv)
  3 gnolls
  An ufetubus (IceCv)
  16 orcs
  2 kobolds (D:10)
  A butterfly (Lair:2)
80 creatures vanquished.

Vanquished Creatures (others)
  An orc high priest (Orc:2)
  3 dancing weapons
  An ancestor (D:8)
  7 knights
12 creatures vanquished.

Grand Total: 646 creatures vanquished

Notes
Turn   | Place    | Note
-------+----------+-------------------------------------------
     0 | D:1      | Bnni the Formicid Hexslinger began the quest for the Orb.
     0 | D:1      | Reached XP level 1. HP: 15/15 MP: 2/2
    82 | D:1      | Reached XP level 2. HP: 21/21 MP: 3/3
   142 | D:1      | Learned a level 2 spell: Jinxbite
   326 | D:1      | Reached XP level 3. HP: 26/26 MP: 1/4
   736 | D:2      | Reached XP level 4. HP: 21/32 MP: 4/6
   797 | D:2      | Learned a level 3 spell: Inner Flame
  1388 | D:2      | Found a runed translucent door.
  1389 | D:2      | Noticed Crazy Yiuf
  1501 | D:2      | Killed Crazy Yiuf
  1502 | D:2      | Reached XP level 5. HP: 34/38 MP: 4/7
  1770 | D:3      | Reached skill level 3 in Ranged Weapons
  2197 | D:3      | Reached skill level 12 in Ranged Weapons
  2197 | D:3      | Reached XP level 6. HP: 44/44 MP: 8/8
  2321 | D:4      | Reached skill level 5 in Hexes
  2321 | D:4      | Reached XP level 7. HP: 35/50 MP: 7/10
  2558 | D:4      | Found an opulent altar of Gozag.
  2558 | D:4      | Found an ancient bone altar of Kikubaaqudgha.
  2633 | D:4      | Found a glowing drain.
  2637 | Sewer    | Entered a sewer
  2882 | Sewer    | Learned a level 4 spell: Cause Fear
  2913 | Sewer    | Noticed Grinder
  2923 | Sewer    | Killed Grinder
  2924 | Sewer    | Reached XP level 8. HP: 53/57 MP: 8/11
  2950 | Sewer    | Found an ancient bone altar of Kikubaaqudgha.
  3330 | D:5      | Entered Level 5 of the Dungeon
  3331 | D:5      | Found Pyfom's Weapon Shop.
  3372 | D:5      | Learned a level 3 spell: Sigil of Binding
  3407 | D:5      | Reached skill level 1 in Translocations
  4193 | D:6      | Found a staircase to the Ecumenical Temple.
  4198 | Temple   | Entered the Ecumenical Temple
  4208 | Temple   | Became a worshipper of Hepliaklqana the Forgotten
  4255 | D:6      | Reached XP level 9. HP: 64/64 MP: 10/13
  4500 | D:6      | Reached skill level 1 in Invocations
  4597 | D:6      | Identified the +6 flail "Iwnour" {speed, rF+ Will++}
  5050 | D:7      | Got a yellowed book
  5086 | D:7      | Reached * piety under Hepliaklqana
  5966 | D:8      | Reached ** piety under Hepliaklqana
  5967 | D:8      | Remembered your ancestor Tankster McGee as a knight
  6176 | D:8      | Noticed a komodo dragon
  6196 | D:8      | Killed a komodo dragon
  6197 | D:8      | Reached skill level 13 in Ranged Weapons
  6197 | D:8      | Reached XP level 10. HP: 63/63 MP: 2/15
  6472 | D:8      | Found a staircase to the Lair.
  6610 | D:8      | Learned a level 4 spell: Dimensional Bullseye
  6770 | D:8      | Identified the +0 chain mail of Meabloj {rN+ Int+6}
  7411 | D:9      | Reached XP level 11. HP: 70/70 MP: 12/17
  7419 | D:9      | Reached skill level 5 in Fighting
  7707 | D:9      | Identified the +1 ring mail "Niumm" {-Tele Fly rElec
                  | Regen+}
  7905 | D:9      | Learned a level 3 spell: Summon Guardian Golem
  7906 | D:10     | Entered Level 10 of the Dungeon
  7910 | D:10     | Reached *** piety under Hepliaklqana
  8007 | D:10     | Noticed a two-headed ogre
  8014 | D:10     | Killed a two-headed ogre
  8033 | D:10     | Noticed a two-headed ogre
  8038 | D:10     | Killed a two-headed ogre
  8039 | D:10     | Reached skill level 1 in Armour
  8100 | D:10     | Reached skill level 5 in Spellcasting
  8307 | D:10     | Found a white marble altar of Elyvilon.
  8830 | D:11     | Upgraded the game from 0.31-a0-832-g3a2c1c66ba to
                  | 0.31-a0-835-g2a3a5bc3be
  8935 | D:11     | Reached skill level 14 in Ranged Weapons
  9081 | D:11     | Noticed a two-headed ogre
  9089 | D:11     | Killed a two-headed ogre
  9090 | D:11     | Reached skill level 10 in Hexes
  9090 | D:11     | Reached skill level 5 in Invocations
  9090 | D:11     | Reached XP level 12. HP: 79/79 MP: 20/20
  9174 | D:11     | Learned a level 3 spell: Tukima's Dance
  9227 | D:11     | Found a staircase to the Orcish Mines.
  9721 | D:12     | Reached **** piety under Hepliaklqana
  9789 | D:12     | Noticed Psyche
  9794 | D:12     | Killed Psyche
  9953 | D:12     | Found a portal to a secret trove of treasure.
  9957 | Trove    | Entered a treasure trove
  9962 | Trove    | Found the +8 whip "Snakebite" {venom, curare, rPois}
  9966 | Trove    | Identified the ring "Guicvo Rinoq" {Int+6 Slay+6 SInv
                  | Stlth-}
 10277 | Lair:1   | Entered Level 1 of the Lair of Beasts
 10404 | Lair:1   | Noticed Grum
 10412 | Lair:1   | Killed Grum
 10491 | Lair:1   | Noticed Harold
 10510 | Lair:1   | Killed Harold
 11255 | Lair:2   | Found a hole to the Spider Nest.
 11386 | Lair:2   | Reached XP level 13. HP: 86/86 MP: 22/22
 11585 | Lair:2   | Reached skill level 5 in Armour
 11652 | Lair:2   | Reached skill level 15 in Ranged Weapons
 11713 | Lair:2   | Reached skill level 1 in Earth Magic
 11717 | Lair:2   | Reached skill level 1 in Necromancy
 12410 | Lair:3   | Noticed Nergalle
 12417 | Lair:3   | Killed Nergalle
 12467 | Lair:3   | Found a staircase to the Shoals.
 13228 | Lair:4   | Found a frozen archway.
 13237 | IceCv    | Entered an ice cave
 13254 | IceCv    | Reached XP level 14. HP: 94/94 MP: 24/24
 13344 | IceCv    | Identified the +0 hat "Dish" {Harm}
 13609 | IceCv    | Noticed a reaper
 13615 | IceCv    | Reached skill level 5 in Earth Magic
 13632 | IceCv    | Killed a reaper
 14423 | Lair:4   | Reached skill level 5 in Necromancy
 14628 | Lair:4   | Learned a level 5 spell: Borgnjor's Vile Clutch
 14629 | Lair:5   | Entered Level 5 of the Lair of Beasts
 14793 | Lair:5   | Found a viscous altar of Jiyva.
 14793 | Lair:5   | Found a staircase to the Slime Pits.
 15216 | Lair:5   | Reached skill level 16 in Ranged Weapons
 15233 | Lair:5   | Reached XP level 15. HP: 100/100 MP: 21/26
 15973 | Orc:1    | Entered Level 1 of the Orcish Mines
 16146 | Orc:2    | Entered Level 2 of the Orcish Mines
 16490 | Orc:2    | Found a staircase to the Elven Halls.
 16790 | Orc:2    | Found Nutequec's Armour Boutique.
 16790 | Orc:2    | Found Eteewnish's Distillery.
 16792 | Orc:2    | Found Nagiutigga's General Store.
 16792 | Orc:2    | Found Losutatz's Armour Emporium.
 16804 | Orc:2    | Bought a potion of heal wounds for 80 gold pieces
 16804 | Orc:2    | Bought a potion of curing for 48 gold pieces
 16804 | Orc:2    | Bought a potion of invisibility for 128 gold pieces
 16804 | Orc:2    | Bought a potion of mutation for 128 gold pieces
 16894 | Orc:1    | Found Cosem's Vocational Training.
 16913 | Orc:1    | Bought a manual of Invocations for 1280 gold pieces
 17134 | D:12     | Found Terampeb's Distillery.
 17134 | D:12     | Found Ubbosh's Assorted Antiques.
 17765 | D:13     | Found Ditetu's Antique Armour Emporium.
 17931 | D:13     | Shot with an arrow by a centaur warrior

Illustrated notes

Levels and vault maps discovered:
D:1:      minmay_arrival_three_doors, layout_basic, roderic_serpentine_path
D:2:      minmay_wonky_spiral, layout_loops_ring, minmay_tetromino_o4,
          uniq_crazy_yiuf_cottage
D:3:      layout_loops_ring
D:4:      layout_basic, minitemple, gup_sewer_entry_spiral
D:5:      layout_loops_ring, serial_shops, shop
D:6:      layout_loops_ring, minmay_temple_entry_glassed_door
D:7:      layout_rooms
D:8:      layout_layer_cave, erik_lair_dragon
D:9:      layout_basic
D:10:     layout_roguey [special_room_kobold], elyvilon_altar_3
D:11:     layout_rooms, david_orc_2, kennysheep_generic_room_5
D:12:     layout_roguey, trove_entry_hex_spiral, nicolae_wooded_promenade,
          david_defended_altar_orc, uniq_psyche
D:13:     nicolae_moon_pools, layout_loops_ring, serial_shops, shop,
          special_room [special_room_orc]
Temple:   hellmonk_temple_of_storms
Lair:1:   layout_cave_pods, serial_rivers, chequers_serial_rivers_micro_a,
          chequers_serial_rivers_marsh, chequers_serial_rivers_room_b,
          chequers_serial_rivers_micro_b, lemuel_old_faithful, uniq_harold,
          uniq_grum
Lair:2:   statuecave_lemuel, layout_cave_pods,
          hellmonk_spider_entry_not_the_bees, grunt_megastairs_2,
          serial_bayou_shore_b, lemuel_fruit_fields
Lair:3:   layout_gridlike, minmay_shoals_entry_beasts, uniq_nergalle
Lair:4:   layout_cave_pods, portal_ice_cave_entry_pillars_2,
          serial_bayou_shore_a
Lair:5:   evilmike_catoblepas_cave, layout_big_grid,
          nicolae_slime_entry_slimehenge, fungi_pond_lemuel
Orc:1:    layout_caves, nicolae_shop_vocational
Orc:2:    grunt_orc_tribal_feast, layout_diamond_mine, nicolae_orc_pool_cavern

Skill      XL: |  1  2  3  4  5  6  7  8  9 10 11 12 13 14 15 |
---------------+----------------------------------------------+-----
Hexes          | 4 5 6 7 8 10 11 12 13 | 13.2
Fire Magic     | 2 3 |  3.0
Fighting       | 2 3 4 6 7 8 9 |  9.4
Ranged Weapons | 12 13 14 15 16 | 16.4
Spellcasting   | 2 3 4 5 6 7 8 |  8.5
Translocations | 1 2 3 |  3.0
Invocations    | 2 3 5 6 7 8 9 |  9.5
Armour         | 2 4 5 |  5.0
Earth Magic    | 4 7 8 |  8.3
Necromancy     | 3 6 7 |  7.3
Dodging        | |  1.7

Action                     |  1- 3 |  4- 6 |  7- 9 | 10-12 | 13-15 || total
---------------------------+-------+-------+-------+-------+-------++-------
  Melee: Spear             |       |       |     5 |       |       ||     5
         Flail             |       |       |     1 |       |       ||     1
   Fire: Sling             |    95 |   118 |   249 |       |       ||   462
         Arbalest          |       |       |    66 |       |       ||    66
         Orcbow            |       |       |    22 |   362 |       ||   384
         Longbow           |       |       |       |    78 |   612 ||   690
  Throw: Dart              |       |     5 |     9 |     4 |       ||    18
         Throwing net      |       |       |       |       |     1 ||     1
   Cast: Jinxbite          |     2 |     4 |    17 |    26 |     5 ||    54
         Inner Flame       |       |       |    14 |    15 |    20 ||    49
         Sigil of Binding  |       |       |     2 |       |     5 ||     7
         Cause Fear        |       |       |     2 |     5 |     6 ||    13
         Dimensional Bulls |       |       |       |     1 |     3 ||     4
         Tukima's Dance    |       |       |       |     6 |    15 ||    21
         Summon Guardian G |       |       |       |       |     3 ||     3
 Invoke: Ancestor Life: Kn |       |       |     1 |       |       ||     1
         Ancestor Identity |       |       |     1 |       |       ||     1
         Recall Ancestor   |       |       |       |     3 |     1 ||     4
         Transference      |       |       |       |       |     1 ||     1
Ability: Dig               |       |       |     3 |       |     4 ||     7
  Evoke: Wand              |       |       |     1 |       |     3 ||     4
    Use: Scroll            |       |     5 |     4 |     5 |    13 ||    27
         Potion            |       |     1 |     4 |     1 |     4 ||    10
 Armour: Robe              |    23 |    33 |    69 |    10 |       ||   135
         Troll leather arm |       |       |       |    43 |   103 ||   146
  Dodge: Dodged            |    39 |    33 |    61 |    66 |    80 ||   279

Table legend: (Time is in decaauts)
 A = Elapsed time spent in this place.
 B = Non-inter-level travel time spent in this place.
 C = Inter-level travel time spent in this place.
 D = Time resting spent in this place.
 E = Time spent auto-exploring this place.
 F = Levels seen in this place.
 G = Mean time per level.
                   A        B        C        D        E       F      G
               +--------+--------+--------+--------+--------+-----+--------+
         Total |  17905 |  16700 |   1205 |   1137 |  12111 |  24 |  746.0 |
       Dungeon |  10693 |   9956 |    737 |    689 |   7332 |  13 |  822.5 |
        Temple |     20 |     11 |      9 |      0 |      0 |   1 |   20.0 |
          Lair |   4964 |   4606 |    358 |    105 |   3706 |   5 |  992.8 |
  Orcish Mines |   1133 |   1033 |    100 |      1 |    819 |   2 |  566.5 |
         Trove |     61 |     61 |      0 |      0 |      0 |   1 |   61.0 |
         Sewer |    406 |    406 |      0 |     58 |    163 |   1 |  406.0 |
      Ice Cave |    624 |    624 |      0 |    282 |     90 |   1 |  624.0 |
               +--------+--------+--------+--------+--------+-----+--------+

Top non-repeatable levels by time:
     D:8: 2003 daAuts
  Lair:1: 1027 daAuts
  Lair:5: 1015 daAuts
  Lair:3: 999 daAuts
  Lair:2: 975 daAuts
  Lair:4: 947 daAuts
    D:11: 943 daAuts
    D:10: 928 daAuts
    D:12: 888 daAuts
     D:2: 888 daAuts
     D:6: 863 daAuts
     D:5: 817 daAuts
     D:4: 715 daAuts
     D:1: 715 daAuts
   Orc:2: 710 daAuts
